 Dungeon Crawl Stone Soup version 0.27-a0-931-g5a74e75d8f (webtiles) character file.

Game seed: 6496614558731133695

1 jestyr24 the Conjurer (level 1, 0/11 HPs)
             Began as an Octopode Conjurer on Apr 10, 2021.
             Slain by a ball python (1 damage)
             ... on level 1 of the Dungeon.
             The game lasted 00:00:51 (60 turns).

jestyr24 the Conjurer (Octopode Conjurer)             Turns: 60, Time: 00:00:51

Health: 0/11       AC:  1    Str:  6    XL:     1   Next: 20%
Magic:  1/3        EV: 10    Int: 20    God:
Gold:   0          SH:  0    Dex: 10    Spells: 3/4 levels left

rFire    . . .     SeeInvis .   b - +0 trident
rCold    . . .     Faith    .   (no shield)
rNeg     . . .     Spirit   .   (helmet restricted)
rPois    .         Reflect  .   (no amulet)
rElec    .         Harm     .   (no ring)
rCorr    .         Rampage  .   (no ring)
Will     .....                  (no ring)
Stlth    +++.......             (no ring)
HPRegen  0.03/turn              (no ring)
MPRegen  0.08/turn              (no ring)
                                (no ring)
                                (no ring)

@: constricted
A: almost no armour, amphibious, 8 rings, camouflage 1, gelatinous body 1,
(nimble swimmer 1), tentacles
a: no special abilities


You were on level 1 of the Dungeon.
You visited 1 branch of the dungeon, and saw 1 of its levels.

Inventory:

Hand Weapons
 b - a +0 trident (weapon)
Missiles
 a - 27 stones


   Skills:
 + Level 2.0 Dodging
 + Level 2.6 Stealth
 + Level 2.0 Spellcasting
 + Level 4.0 Conjurations


You had 3 spell levels left.
You knew the following spells:

 Your Spells              Type           Power      Damage    Failure   Level
a - Magic Dart            Conj           72%        1d6       3%          1

Your spell library contained the following spells:

 Spells                   Type           Power      Damage    Failure   Level
 Searing Ray              Conj           36%        3d4       4%          2
 Dazzling Flash           Conj/Hex       20%        N/A       21%         3
 Fulminant Prism          Conj/Hex       5%         3d7       56%         4
 Iskenderun's Mystic Bla  Conj/Tloc      10%        2d4       56%         4


Dungeon Overview and Level Annotations

Branches:
Dungeon (1/15)

Altars:


Innate Abilities, Weirdness & Mutations

You cannot wear most types of armour.
You are amphibious.
You can wear up to eight rings at the same time.
Your skin changes colour to match your surroundings (Stealth+).
Your rubbery body absorbs attacks. (AC +1, EV +1)
((You are camouflaged near water. (Stealth+)))
You have tentacles for arms and can constrict up to eight enemies at once.


Message History

The bat closely misses you. The bat completely misses you.
The dart slug launches a dart at you. The slug dart misses you.
The bat hits you. The bat closely misses you. The bat barely misses you.
The bat hits you but does no damage. The bat closely misses you.
The magic dart hits the giant cockroach but does no damage.
The giant cockroach closely misses you. The bat barely misses you.
The bat misses you. The bat hits you but does no damage.
The magic dart hits the bat.
The bat is moderately wounded.
The bat barely misses you. The ball python closely misses you.
The ball python barely misses you.
Sorry, you're not good enough to have a special ability.
Casting: Magic Dart (safe; 3% risk of failure)
Confirm with . or Enter, or press ? or * to list all spells.
You don't have enough magic to cast this spell.
Unknown command.
Unknown command.
Really attack while wielding nothing?
Okay, then.
b - a +0 trident (weapon)
You closely miss the ball python. Your grab misses the ball python.
The ball python misses you. x2; The ball python closely misses you.
The ball python barely misses you.
You closely miss the ball python. Your grab misses the ball python.
The ball python bites you. The ball python closely misses you.
You barely miss the ball python. Your grab misses the ball python.
The ball python closely misses you. The ball python barely misses you.
The ball python misses you. The ball python grabs you.
* * * LOW HITPOINT WARNING * * *
The ball python constricts you.
You escape the ball python's grasp.
The ball python bites you.
* * * LOW HITPOINT WARNING * * *
The ball python grabs you.
You die...

...###.....†..#.......
...............#.......
....w).........# .....
...............# ##+#
...............#
..............w#
.......######B######.#
###+### ##....S#.....#
#.....b@.....#
#.......####.#
+...<.[..# #.......##
#........# ##..........
####.##+### #.. ##.


You could see a giant cockroach, a bat and a ball python.

Vanquished Creatures
  A frilled lizard (D:1)
  A kobold (D:1)
2 creatures vanquished.

Notes
Turn   | Place    | Note
-------+----------+-------------------------------------------
     0 | D:1      | jestyr24 the Octopode Conjurer began the quest for the Orb.
     0 | D:1      | Reached XP level 1. HP: 11/11 MP: 3/3
    34 | D:1      | Found a faded altar of an unknown god.
    60 | D:1      | Slain by a ball python

Illustrated notes

Levels and vault maps discovered:
D:1:      dpeg_arrival_orchard, layout_basic, hellmonk_ecumenical_altar_lost_god

Action                   || total
-------------------------++-------
Melee: Trident           ||     3
 Cast: Magic Dart        ||     6
Armor: Skin              ||     2
Dodge: Dodged            ||    23

Table legend: (Time is in decaauts)
 A = Elapsed time spent in this place.
 B = Non-inter-level travel time spent in this place.
 C = Inter-level travel time spent in this place.
 D = Time resting spent in this place.
 E = Time spent auto-exploring this place.
 F = Levels seen in this place.
 G = Mean time per level.
                   A        B        C        D        E       F      G
               +--------+--------+--------+--------+--------+-----+--------+
         Total |     60 |     60 |      0 |      0 |     15 |   1 |   60.0 |
       Dungeon |     60 |     60 |      0 |      0 |     15 |   1 |   60.0 |
               +--------+--------+--------+--------+--------+-----+--------+

Top non-repeatable levels by time:
     D:1: 60 daAuts
